Description

6 min timing attack with +1 and roach speed upgrade

VOD

https://www.youtube.com/watch?v=P5UmLeSjUBQ&t=4159s

Build Order

Get SALT Encoding   

  12  0:01  Drone  
  13  0:13  Overlord  
  13  0:15  Drone  
  14  0:32  Drone x2  
  16  0:48  Hatchery  
  15  0:51  Drone  
  16  0:55  Drone  
  17  0:59  Drone  
  18  1:09  Extractor  
  17  1:15  Spawning Pool  
  16  1:19  Drone  
  17  1:20  Drone  
  18  1:28  Drone  
  19  1:32  Overlord  
  19  1:43  Drone  
  20  1:50  Drone  
  21  2:00  Queen x2  
  25  2:03  Zergling x2  
  27  2:11  Overlord  
  27  2:14  Metabolic Boost  
  27  2:16  Drone  
  28  2:31  Drone x2  
  30  2:34  Drone x2  
  32  2:42  Queen x2  
  36  2:53  Overlord x2  
  36  3:05  Drone x4  
  40  3:19  Drone x5  
  45  3:21  Lair  
  45  3:25  Evolution Chamber  
  44  3:27  Extractor  
  43  3:29  Extractor  
  42  3:33  Roach Warren  
  50  4:02  Zerg Missile Weapons Level 1  
  55  4:21  Glial Reconstitution  
Spawning Tool Build Advisor. Get it on Overwolf

Go to:

Details

  • Created by: Rocketman85
  • Published on: Jun 26, 2020
  • Modified on: Jun 26, 2020
  • Patch: 4.11.0
  • Difficulty: Medium
Show
View Real Time Build Order
Export as new Build Order

Comments (0)

There are no comments. Be the first!

Create an account to comment!